General information
- name: BNet
- type: Ladder team game (AT/RT)
- host: Battle.net
- saver: chickenwangs
map: CentaurGrove
- players: 4
- length: 12:15
- speed: Fast
- version: 1.23 W3XP
- replay type: Public
» download(46 KB)
Players
team 1 (loser)

»
nldarab (
red | 45 APM | 554 actions | 12:12)
3 Warden
1 Blink
2 Shadow Strike
» actions
| Assign group hotkey | 1 | |
| Basic commands | 13 | |
| Build / train | 42 | |
| Enter build submenu | 25 | |
| Enter hero's abilities submenu | 3 | |
| Right click | 240 | |
| Select / deselect | 175 | |
| Select group hotkey | 11 | |
| Use ability | 43 | |
554 total
» units
| Wisp | 15 | |
| Archer | 5 | |
| Huntress | 7 | |
| Dryad | 2 | |
29 total
» upgrades
| Ultravision | 1 | |
| Strength of the Moon | 1 | |
| Moon Armor | 1 | |
| Improved Bows | 1 | |
4 total
» buildings
| Altar of Elders | 1 | |
| Moon Well | 5 | |
| Ancient of War | 2 | |
| Tree of Ages | 4 | |
| Hunter's Hall | 1 | |
| Ancient Protector | 7 | |
| Ancient of Lore | 1 | |
| Ancient of Wind | 1 | |
| Tree of Eternity | 1 | |
| Tree of Life | 1 | |
24 total
» build order
00:11 Altar of Elders
00:29 Moon Well
01:24 Ancient of War
01:30 Moon Well
02:24 Moon Well
02:58 Tree of Ages
02:58 Tree of Ages
03:23 Hunter's Hall
04:55 Ancient Protector
06:39 Ancient of Lore
06:46 Ancient of Wind
06:54 Moon Well
07:31 Ancient Protector
07:32 Ancient Protector
07:51 Moon Well
09:18 Tree of Eternity
09:22 Ancient of War
10:37 Ancient Protector
10:42 Ancient Protector
10:48 Ancient Protector
10:54 Ancient Protector
12:06 Tree of Life
eromyalC (
pink | 34 APM | 338 actions | 10:04)
2 Demon Hunter
1 Evasion
1 Immolation
» actions
| Assign group hotkey | 6 | |
| Build / train | 37 | |
| Enter build submenu | 13 | |
| Enter hero's abilities submenu | 2 | |
| Remove unit from queue | 2 | |
| Right click | 109 | |
| Select / deselect | 107 | |
| Select group hotkey | 41 | |
| Use ability | 21 | |
338 total
» units
» buildings
| Altar of Elders | 1 | |
| Moon Well | 6 | |
| Hunter's Hall | 1 | |
| Ancient of War | 1 | |
| Ancient Protector | 4 | |
| Tree of Ages | 1 | |
14 total
» build order
00:10 Altar of Elders
00:19 Moon Well
01:45 Hunter's Hall
01:57 Ancient of War
02:33 Moon Well
03:48 Moon Well
04:47 Moon Well
05:02 Ancient Protector
06:32 Ancient Protector
06:42 Ancient Protector
07:02 Moon Well
07:58 Ancient Protector
08:03 Moon Well
09:04 Tree of Ages
team 2 (winner)

»
letsgetalong (
purple | 17 APM | 203 actions | 12:13)
2 Tauren Chieftain
2 Endurance Aura
» actions
| Basic commands | 3 | |
| Build / train | 34 | |
| Enter build submenu | 13 | |
| Enter hero's abilities submenu | 2 | |
| Remove unit from queue | 1 | |
| Right click | 34 | |
| Select / deselect | 105 | |
| Use ability | 11 | |
203 total
» units
» upgrades
| Ranged Weapons | 3 | |
| Burning Oil | 1 | |
4 total
» buildings
| Orc Burrow | 6 | |
| Stronghold | 2 | |
| Altar of Storms | 1 | |
| War Mill | 1 | |
| Voodoo Lounge | 1 | |
| Barracks | 2 | |
| Fortress | 1 | |
14 total
» build order
00:49 Orc Burrow
03:12 Stronghold
03:23 Altar of Storms
03:31 War Mill
03:39 Orc Burrow
03:44 Orc Burrow
03:52 Voodoo Lounge
03:57 Orc Burrow
04:15 Barracks
04:21 Barracks
05:45 Fortress
05:53 Orc Burrow
06:01 Orc Burrow

»
chickenwangs (
teal | 90 APM | 1098 actions | 12:15)
4 Blademaster
2 Wind Walk
2 Critical Strike
2 Shadow Hunter
1 Hex
1 Healing Wave
» actions
| Assign group hotkey | 24 | |
| Basic commands | 108 | |
| Build / train | 43 | |
| Enter build submenu | 10 | |
| Enter hero's abilities submenu | 6 | |
| Right click | 517 | |
| Select / deselect | 181 | |
| Select group hotkey | 171 | |
| Use ability | 38 | |
1098 total
» units
» upgrades
| Berserker Strength | 1 | |
| Ensnare | 1 | |
| Armor | 1 | |
| Melee Weapons | 1 | |
4 total
» buildings
| Altar of Storms | 1 | |
| Orc Burrow | 4 | |
| Barracks | 1 | |
| Voodoo Lounge | 1 | |
| Stronghold | 2 | |
| War Mill | 1 | |
| Beastiary | 1 | |
| Spirit Lodge | 1 | |
12 total
» build order
00:03 Altar of Storms
00:17 Orc Burrow
00:54 Barracks
01:36 Orc Burrow
02:34 Voodoo Lounge
03:07 Stronghold
03:07 Stronghold
03:56 Orc Burrow
05:24 War Mill
05:36 Beastiary
08:00 Orc Burrow
11:12 Spirit Lodge
» items
| Boots of Speed | 1 | |
| Circlet of Nobility | 1 | |
| Healing Salve | 3 | |
| Scroll of Town Portal | 1 | |
| Lesser Clarity Potion | 1 | |
7 total
Chat log
(00:02 / Allies) letsgetalong: su
(00:03 / Allies) letsgetalong: sup
(00:06 / Allies) chickenwangs: whatsup
(00:26 / Allies) letsgetalong: whats the plan
(01:01 / Allies) letsgetalong: whats the plan?
(01:15 / Allies) chickenwangs: wahtever you wanna do!
(01:18 / Allies) letsgetalong: ok
(01:21 / Allies) letsgetalong: sounds good then
(04:24 / Allies) chickenwangs: should i be worried?
(04:30 / Allies) letsgetalong: heh?
(04:37 / Allies) letsgetalong: whY?
(04:42 / Allies) chickenwangs: ;/
(05:02 / Allies) chickenwangs: ill give ya the benefit of the doubt here
(05:09 / Allies) chickenwangs: and assume you aren't terribad
(05:11 / Allies) letsgetalong: cool
(05:15 / Allies) letsgetalong: no im good
(06:15 / Allies) letsgetalong: if i was bad, my base wouldnt be this good
(07:03 / Allies) letsgetalong: ready soon
(07:08 / Allies) chickenwangs: raping pink
(07:15 / Allies) letsgetalong: u doing good
(07:16 / Allies) letsgetalong: run
(07:19 / Allies) letsgetalong: hes tping
(07:24 / Allies) chickenwangs: im fine
(07:26 / Allies) chickenwangs: zero losses
(07:29 / Allies) chickenwangs: got like 5 archers and hero
(07:32 / Allies) letsgetalong: really?
(07:46 / Allies) letsgetalong: in that case im impressed
(07:49 / Allies) letsgetalong: u are good
(08:05 / Allies) chickenwangs: its rt
(08:07 / Allies) chickenwangs: im not good
(08:10 / Allies) chickenwangs: but these kids arent either
(08:16 / Allies) letsgetalong: oh
(08:24 / Allies) letsgetalong: im pretty good
(08:34 / Allies) chickenwangs: ;]
(08:53 / All) letsgetalong: wow
(09:00 / Allies) letsgetalong: u lost 1
(09:23 / Allies) chickenwangs: ;/
(09:27 / Allies) letsgetalong: u ready?
(09:30 / Allies) chickenwangs: sure
(09:34 / Allies) letsgetalong: ok
(09:36 / Allies) letsgetalong: heal
(09:39 / Allies) letsgetalong: and lets end
(09:44 / Allies) chickenwangs: just come
(09:54 / Allies) letsgetalong: i dunno
(09:58 / Allies) letsgetalong: afraid to leave my base
(10:01 / Allies) chickenwangs: ;]
(10:14 / Allies) letsgetalong: look at my army
(10:17 / Allies) chickenwangs: lol
(10:18 / Allies) chickenwangs: too pro
(10:25 / Allies) chickenwangs: the next th000
(10:33 / Allies) letsgetalong: im tek-9.obdurate btw
(10:34 / Allies) letsgetalong: lol
(10:39 / Allies) chickenwangs: haha word
(10:45 / Allies) chickenwangs: i've prob seen a couple of your reps